Map: Lightshade LE

Players

TLO - Winner!

  • Race: Zerg Zerg
  • League: Master
  • Spawn Location: 5:00

Neeb

  • Race: Protoss Protoss
  • Spawn Location: 11:00

Event: DreamHack SC2 Masters 2020 Winter

VOD

Have the link to the VOD?

Description

Time

  • Played on: Oct. 28, 2020, 7:12 p.m.
  • Length: 9:26

All games in this series

Show
View Real Time Build Order
Export as new Build Order

TLO Zerg - Winner!

Build Orders: Hatch First 

Get SALT Encoding   

  12  0:00  Drone  
  13  0:13  Overlord  
  13  0:17  Drone  
  14  0:31  Drone x2  
  16  0:47  Hatchery  
  15  0:50  Drone  
  15  0:54  Drone  
  17  0:58  Drone  
  17  1:02  Extractor  
  18  1:14  Spawning Pool  
  17  1:21  Drone  
  17  1:23  Drone  
  19  1:29  Drone  
  20  1:39  Drone  
  21  2:00  Zergling x2  
  21  2:01  Zergling x2  
  23  2:02  Zergling x2  
  24  2:10  Zergling x2  
  25  2:16  Zergling x2  
  25  2:24  Drone x2  
  26  2:32  Extractor, Queen  
  26  2:35  Overlord  
  28  2:38  Extractor  
  28  2:42  Overlord  
  27  2:49  Drone x2, Extractor x2  
  29  2:58  Drone x2  
  30  3:04  Drone  
  31  3:06  Drone  
  34  3:14  Overlord  
  34  3:15  Drone  
  34  3:17  Queen  
  35  3:25  Drone  
  35  3:26  Drone  
  37  3:38  Drone  
  37  3:39  Overlord  
  37  3:41  Drone x2  
  39  3:42  Drone  
  39  3:44  Queen  
  42  3:50  Metabolic Boost  
  42  3:51  Overlord  
  42  3:53  Drone  
  43  4:01  Hatchery  
  42  4:03  Drone  
  42  4:04  Drone  
  42  4:09  Drone  
  45  4:13  Drone  
  45  4:16  Zergling x2  
  46  4:17  Zergling x2  
  46  4:19  Drone  
  46  4:22  Drone  
  48  4:24  Lair  
  48  4:27  Zergling x2  
  48  4:28  Roach Warren, Zergling x2  
  48  4:29  Drone  
  50  4:32  Drone  
  50  4:36  Drone  
  52  4:38  Drone  
  52  4:41  Extractor  
  52  4:43  Extractor, Zergling x2  
  52  4:45  Drone  
  53  4:46  Drone x3  
  56  4:57  Drone x2  
  58  5:00  Queen  
  58  5:02  Overlord  
  58  5:03  Drone x2  
  58  5:06  Spore Crawler  
  61  5:10  Drone  
  61  5:12  Extractor  
  61  5:15  Queen, Overlord  
  63  5:22  Roach  
  63  5:25  Nydus Network, Roach  
  63  5:27  Roach  
  68  5:29  Drone  
  68  5:30  Spore Crawler  
  68  5:31  Roach, Overseer  
  68  5:35  Drone  
  71  5:36  Roach  
  71  5:38  Roach  
  71  5:41  Drone  
  71  5:42  Roach  
  78  5:43  Drone  
  78  5:44  Drone  
  78  5:46  Drone  
  78  5:47  Drone  
  82  5:51  Drone, Spore Crawler  
  82  5:55  Overlord  
  82  5:56  Overlord  
  82  5:59  Drone x2  
  82  6:02  Evolution Chamber  
  83  6:05  Overlord  
  83  6:08  Overlord  
  83  6:12  Evolution Chamber  
  83  6:13  Drone, Hydralisk Den  
  82  6:21  Drone x5  
  82  6:23  Roach  
  82  6:25  Pneumatized Carapace  
  87  6:27  Glial Reconstitution  
  87  6:31  Zerg Missile Weapons Level 1  
  87  6:39  Drone  
  88  6:40  Extractor, Zerg Ground Armor Level 1  
  88  6:41  Drone, Extractor  
  88  6:46  Overlord, Grooved Spines  
  87  6:48  Hydralisk  
  87  6:50  Overlord, Hydralisk  
  87  6:53  Drone  
  92  6:57  Overlord x2  
  92  7:03  Hydralisk  
  92  7:04  Hydralisk x2  
  92  7:09  Drone, Infestation Pit  
  92  7:10  Hydralisk  
  92  7:11  Drone  
  92  7:13  Drone  
  92  7:14  Drone  
  91  7:18  Hydralisk  
  91  7:21  Drone  
  92  7:24  Hydralisk  
  92  7:26  Drone  
  92  7:27  Drone  
  96  7:31  Hydralisk x2  
  96  7:32  Overlord x2  
  96  7:33  Overseer  
  100  7:37  Drone  
  100  7:38  Drone, Hydralisk  
  100  7:40  Hydralisk  
  100  7:42  Zergling x2  
  107  7:46  Hydralisk  
  107  7:49  Overlord  
  109  7:54  Hive, Hydralisk  
  109  7:57  Muscular Augments  
  110  7:59  Drone  
  110  8:02  Drone  
  110  8:03  Drone x2  
  111  8:06  Zergling x2  
  111  8:07  Zergling x4  
  111  8:08  Overlord  
  111  8:10  Drone  
  111  8:12  Overlord  
  115  8:13  Hydralisk  
  115  8:16  Hydralisk  
  115  8:18  Infestor  
  121  8:20  Infestor  
  121  8:24  Hydralisk  
  124  8:27  Hydralisk  
  124  8:29  Hydralisk  
  124  8:33  Hydralisk  
  130  8:36  Spore Crawler, Hydralisk  
  130  8:38  Spore Crawler, Zergling x4  
  130  8:39  Zergling x2  
  133  8:42  Zergling x4  
  133  8:43  Zergling x2  
  135  8:48  Hydralisk  
  135  8:50  Hydralisk x2  
  135  8:53  Hydralisk  
  135  8:54  Hydralisk  
  145  9:01  Hydralisk  
Show
View Real Time Build Order
Export as new Build Order

Neeb Protoss 

Build Orders: Cannon Rush 

Get SALT Encoding   

  12  0:00  Probe  
  13  0:12  Probe  
  14  0:17  Pylon  
  14  0:25  Probe (Chrono Boost)  
  15  0:37  Forge, Probe (Chrono Boost)  
  16  0:44  Probe (Chrono Boost)  
  17  0:51  Probe  
  18  1:06  Pylon  
  18  1:08  Pylon  
  18  1:16  Pylon  
  18  1:17  Pylon  
  18  1:24  Photon Cannon  
  18  1:31  Pylon  
  18  1:32  Pylon  
  18  1:35  Photon Cannon  
  18  1:36  Pylon  
  18  1:44  Pylon  
  18  1:46  Pylon  
  18  1:51  Photon Cannon  
  18  1:55  Probe  
  18  2:00  Gateway  
  19  2:07  Probe  
  20  2:09  Assimilator  
  20  2:19  Probe  
  21  2:30  Photon Cannon  
  21  2:38  Nexus  
  21  2:41  Probe (Chrono Boost)  
  22  2:51  Cybernetics Core  
  22  2:55  Probe (Chrono Boost)  
  23  3:03  Probe (Chrono Boost)  
  24  3:12  Probe  
  25  3:17  Assimilator  
  25  3:24  Probe  
  28  3:41  Adept (Chrono Boost)  
  23  3:45  Pylon  
  23  3:49  Probe  
  23  3:51  Probe  
  25  4:01  Probe  
  26  4:03  Probe  
  27  4:14  Probe  
  27  4:16  Adept (Chrono Boost)  
  27  4:17  Probe  
  29  4:25  Stargate  
  29  4:29  Probe x2 (Chrono Boost)  
  31  4:35  Assimilator  
  33  4:39  Probe (Chrono Boost)  
  33  4:41  Probe (Chrono Boost)  
  33  4:44  Probe (Chrono Boost)  
  33  4:45  Adept  
  37  4:53  Probe (Chrono Boost)  
  37  4:55  Probe (Chrono Boost)  
  37  4:59  Pylon  
  38  5:01  Pylon  
  38  5:06  Probe (Chrono Boost)  
  39  5:08  Void Ray (Chrono Boost)  
  39  5:17  Probe x2  
  39  5:20  Warp Gate  
  45  5:29  Probe x2  
  45  5:30  Assimilator  
  47  5:36  Pylon  
  47  5:39  Stargate  
  47  5:41  Probe x2  
  49  5:45  Shield Battery  
  49  5:53  Probe x2, Oracle (Chrono Boost)  
  54  6:03  Pylon  
  54  6:05  Probe x2  
  56  6:11  Pylon  
  56  6:14  Void Ray (Chrono Boost)  
  56  6:17  Probe x2  
  58  6:19  Shield Battery  
  58  6:21  Pylon  
  62  6:30  Probe  
  62  6:31  Void Ray (Chrono Boost)  
  62  6:32  Probe  
  68  6:43  Probe  
  69  6:51  Nexus  
  69  6:54  Void Ray (Chrono Boost)  
  69  6:56  Pylon  
  73  7:02  Probe  
  73  7:04  Probe  
  75  7:11  Pylon  
  75  7:14  Probe, Void Ray (Chrono Boost)  
  75  7:15  Protoss Air Weapons Level 1  
  80  7:22  Nexus  
  80  7:23  Pylon, Probe  
  80  7:27  Probe  
  80  7:29  Void Ray (Chrono Boost)  
  82  7:30  Pylon  
  82  7:35  Probe  
  87  7:39  Probe  
  88  7:44  Twilight Council  
  88  7:45  Sentry  
  88  7:47  Probe  
  88  7:51  Void Ray  
  91  7:52  Shield Battery, Probe  
  96  7:59  Probe  
  96  8:04  Probe, Void Ray  
  94  8:12  Probe  
  99  8:13  Assimilator  
  99  8:17  Probe (Chrono Boost)  
  99  8:18  Assimilator  
  100  8:24  Probe (Chrono Boost)  
  101  8:29  Probe (Chrono Boost)  
  101  8:33  Templar Archives  
  103  8:34  Probe (Chrono Boost)  
  103  8:35  Gateway  
  103  8:36  Probe (Chrono Boost)  
  103  8:37  Probe (Chrono Boost)  
  103  8:38  Gateway  
  103  8:40  Gateway  
  105  8:45  Probe (Chrono Boost)  
  108  8:49  Probe (Chrono Boost)  
  108  8:51  Gateway  
  108  8:52  Probe (Chrono Boost)  
  108  8:55  Robotics Facility  
  108  9:04  Stalker  
  108  9:07  Shield Battery  
  108  9:08  Shield Battery  
  110  9:10  Shield Battery  
Tags
 
Add a new tag
Caveats
  • Supply blocks, unpowered buildings, or Contaminate may cause inaccurate times.
  • Supply counts are checked every 10 seconds.